 Dungeon Crawl Stone Soup version 0.28-a0-1510-gd0f6b136d3 (webtiles) character file.

Game seed: 11092812487739651055

4 croobank the Caller (level 1, -3/11 HPs)
             Began as an Octopode Summoner on Jan 16, 2022.
             Slain by a kobold (5 damage)
             ... on level 1 of the Dungeon.
             The game lasted 00:01:00 (228 turns).

croobank the Caller (Octopode Summoner)              Turns: 228, Time: 00:01:01

Health: -3/11      AC:  1    Str:  7    XL:     1   Next: 60%
Magic:  2/3        EV: 13    Int: 17    God:
Gold:   7          SH:  0    Dex: 12    Spells: 3/4 levels left

rFire   . . .      SeeInvis .   (no weapon)
rCold   . . .      Faith    .   (no shield)
rNeg    . . .      Spirit   .   (helmet restricted)
rPois   .          Reflect  .   (no amulet)
rElec   .          Harm     .   (no ring)
rCorr   .          Rampage  .   (no ring)
Will    .....                   (no ring)
Stlth   +++.......              (no ring)
HPRegen 0.03/turn               (no ring)
MPRegen 0.08/turn               (no ring)
                                (no ring)
                                (no ring)

@: no status effects
A: almost no armour, amphibious, 8 rings, camouflage 1, gelatinous body 1,
(nimble swimmer 1), tentacles
a: no special abilities


You were on level 1 of the Dungeon.
You visited 1 branch of the dungeon, and saw 1 of its levels.

You collected 7 gold pieces.

Inventory:

Missiles
 a - 22 arrows


   Skills:
 + Level 2.1 Dodging
 + Level 2.8 Stealth
 + Level 2.0 Spellcasting
 + Level 4.0 Summonings


You had 3 spell levels left.
You knew the following spells:

 Your Spells              Type           Power      Damage    Failure   Level
a - Summon Small Mammal   Summ           60%        N/A       3%          1

Your spell library contained the following spells:

 Spells                   Type           Power      Damage    Failure   Level
 Call Imp                 Summ           15%        N/A       5%          2
 Call Canine Familiar     Summ           15%        N/A       11%         3
 Shock                    Conj/Air       4%         1d3       19%         1
 Summon Guardian Golem    Hex/Summ       8%         N/A       26%         3
 Swiftness                Air            1%         N/A       50%         3
 Summon Lightning Spire   Summ/Air       8%         N/A       63%         4
 Airstrike                Air            0%         N/A       88%         4


Dungeon Overview and Level Annotations

Branches:
Dungeon (1/15)

Altars:


Innate Abilities, Weirdness & Mutations

You cannot wear most types of armour.
You are amphibious.
You can wear up to eight rings at the same time.
Your skin changes colour to match your surroundings (Stealth+).
Your rubbery body absorbs attacks. (AC +1, EV +1)
((You are camouflaged when in or above water. (Stealth+)))
You have tentacles for arms and can constrict up to eight enemies at once.


Message History

You see here a quokka corpse.
A kobold comes into view. It is wielding a +0 short sword.
Found 12 gold pieces.
Casting: Summon Small Mammal (safe; 3% risk of failure)
Confirm with . or Enter, or press ? or * to list all spells.
Casting: Summon Small Mammal (safe; 3% risk of failure)
Confirm with . or Enter, or press ? or * to list all spells.
You don't know that spell.
Casting: Summon Small Mammal (safe; 3% risk of failure)
Confirm with . or Enter, or press ? or * to list all spells.
Your rat bites the kobold but does no damage.
The kobold shouts!
The kobold barely misses your rat.
Your rat barely misses the kobold.
The kobold hits your rat with a +0 short sword.
Your rat barely misses the kobold.
The kobold closely misses your rat.
Your rat bites the kobold but does no damage.
The kobold barely misses your rat.
Your rat bites the kobold.
The kobold hits your rat with a +0 short sword.
Your rat dies!
Your rat's corpse disappears in a puff of smoke!
The kobold hits your quokka with a +0 short sword.
Your quokka dies!
Your quokka's corpse disappears in a puff of smoke!
The kobold hits you with a +0 short sword.
You tentacle-slap the kobold but do no damage.
Your grab misses the kobold. Your squeeze misses the kobold.
The kobold is moderately wounded.
The kobold hits you with a +0 short sword.
You tentacle-slap the kobold but do no damage.
Your grab misses the kobold. Your squeeze misses the kobold.
The kobold is moderately wounded.
The kobold hits you with a +0 short sword.
* * * LOW HITPOINT WARNING * * *
You tentacle-slap the kobold but do no damage.
Your grab misses the kobold.
The kobold is moderately wounded.
The kobold hits you with a +0 short sword.
You die...

#.# ##.# #.## #.# #..
##.###### #..
#..†....# #.#
#.......#
###.###.####.......#
......................
##....#.####.........P
#... #@# #.........P
#.....K# ##...#...P♣
#....... ###.#....P
#....##.# .# ...
...... .# .# ...... .$
##... .. #... ...


You could see a kobold.

Vanquished Creatures
  A bat (D:1)
1 creature vanquished.

Vanquished Creatures (collateral kills)
  A ball python (D:1)
  A quokka (D:1)
2 creatures vanquished.

Grand Total: 3 creatures vanquished

Notes
Turn   | Place    | Note
-------+----------+-------------------------------------------
     0 | D:1      | croobank the Octopode Summoner began the quest for the Orb.
     0 | D:1      | Reached XP level 1. HP: 11/11 MP: 3/3
   228 | D:1      | Slain by a kobold

Illustrated notes

Levels and vault maps discovered:
D:1:      elethiomel_arrival_shortcut, layout_rooms,
          dreamdust_ecumenical_altar_grove

Action                   || total
-------------------------++-------
Melee: Unarmed           ||     9
       Constrict         ||     2
       Punch             ||     1
 Cast: Summon Small Mamm ||     4
 Stab: Sleeping          ||     1
Armor: Skin              ||     1
Dodge: Dodged            ||     4

Table legend: (Time is in decaauts)
 A = Elapsed time spent in this place.
 B = Non-inter-level travel time spent in this place.
 C = Inter-level travel time spent in this place.
 D = Time resting spent in this place.
 E = Time spent auto-exploring this place.
 F = Levels seen in this place.
 G = Mean time per level.
                   A        B        C        D        E       F      G
               +--------+--------+--------+--------+--------+-----+--------+
         Total |    228 |    228 |      0 |      0 |    169 |   1 |  228.0 |
       Dungeon |    228 |    228 |      0 |      0 |    169 |   1 |  228.0 |
               +--------+--------+--------+--------+--------+-----+--------+

Top non-repeatable levels by time:
     D:1: 228 daAuts
